 Dungeon Crawl Stone Soup version 0.31-a0-231-g51bb95cda3 (webtiles) character file.

Game seed: 15359727617368830861

368 qw the Shooter (level 6, -2/37 HPs)
             Began as a Gargoyle Hexslinger on July 6, 2023.
             Killed from afar by Blork the orc (5 damage)
             ... with a magic dart
             ... on level 4 of the Dungeon.
             The game lasted 00:01:02 (2643 turns).

qw the Shooter (Gargoyle Hexslinger)                Turns: 2643, Time: 00:01:03

Health: -2/37      AC: 10    Str: 11    XL:     6   Next: 69%
Magic:  7/7        EV: 10    Int: 14    God:
Gold:   223        SH:  0    Dex: 20    Spells: 6/7 levels left

rFire   . . .        Y - +1 sling
rCold   . . .        (no shield)
rNeg    + . .        m - +0 ring mail
rPois   inf          l - +0 helmet
rElec   +            (no cloak)
rCorr   .            (no gloves)
SInv    +            (no boots)
Will    .....        b - amulet of faith
Stlth   +            d - +6 ring of dexterity
HPRegen 0.26/turn    j - ring of see invisible
MPRegen 0.10/turn

%: faith
@: no status effects
A: sickness immunity, AC +4, negative energy resistance 1, electricity
resistance, torment resistance 1, petrification resistance
a: no special abilities


You were on level 4 of the Dungeon.
You visited 1 branch of the dungeon, and saw 4 of its levels.

You collected 223 gold pieces.


Innate Abilities, Weirdness & Mutations

You are immune to sickness and miasma.
Your stone body is resilient. (AC +4)
You are immune to poison.
You resist negative energy. (rN+)
You are resistant to electric shocks. (rElec)
You are resistant to unholy torment.
You are immune to petrification.


   Skills:
 + Level 3.5 Fighting
 - Level 6.0 Ranged Weapons
 - Level 1.0 Armour
 - Level 1.5 Dodging
 - Level 1.0 Spellcasting
 - Level 2.6 Hexes


You had 6 spell levels left.
You knew the following spells:

 Your Spells              Type           Power      Damage    Failure   Level
a - Slow                  Hex            32%        N/A       21%         1

Your spell library contained the following spells:

 Spells                   Type           Power      Damage    Failure   Level
 Inner Flame              Hex/Fire       4%         N/A       71%         3
 Portal Projectile        Hex/Tloc       8%         N/A       71%         3
 Cause Fear               Hex            4%         N/A       90%         4

Inventory:

Hand Weapons
 Y - a +1 sling (weapon)
Armour
 l - a +0 helmet (worn)
 m - a +0 ring mail (worn)
Jewellery
 b - an amulet of faith (around neck)
 d - a +6 ring of dexterity (left hand)
 j - a ring of see invisible (right hand)
Scrolls
 a - a scroll of identify
 c - a scroll of amnesia {unknown}
 k - 2 scrolls of teleportation
Potions
 e - 4 potions of haste
 f - a potion of resistance
 g - 2 potions of curing
 i - a potion of mutation

Dungeon Overview and Level Annotations

Branches:
Dungeon (4/15)
 Temple: D:4-7

Altars:

Shops:
D:1 *

Annotations:
D:4 1 runed translucent door, 2 transporters, Blork the orc, Crazy Yiuf


Message History

The sling bullet closely misses Blork the orc.
Blork the orc hits you with a +1 dire flail of protection.
You shoot a sling bullet.
The sling bullet hits Blork the orc but does no damage.
Blork the orc is moderately wounded.
Blork the orc completely misses you.
Blork the orc hits you with a +1 dire flail of protection!
You shoot a sling bullet.
The sling bullet hits Blork the orc but does no damage.
Blork the orc is moderately wounded.
Blork the orc barely misses you.
You shoot a sling bullet.
The sling bullet hits Blork the orc but does no damage.
Blork the orc is moderately wounded.
Blork the orc barely misses you.
You shoot a sling bullet.
The sling bullet hits Blork the orc but does no damage.
Blork the orc is moderately wounded.
Blork the orc hits you with a +1 dire flail of protection.
You shoot a sling bullet.
The sling bullet barely misses Blork the orc.
Blork the orc barely misses you.
Blork the orc looks encouraged for a moment.
You shoot a sling bullet.
The sling bullet barely misses Blork the orc.
Blork the orc hits you with a +1 dire flail of protection.
You shoot a sling bullet. The sling bullet hits Blork the orc.
Blork the orc is moderately wounded.
Blork the orc misses you.
You shoot a sling bullet. The sling bullet hits Blork the orc.
Blork the orc is moderately wounded.
Blork the orc barely misses you.
You shoot a sling bullet.
The sling bullet hits Blork the orc but does no damage.
Blork the orc is moderately wounded.
Blork the orc casts a spell at you. The puff of flame hits you!
Blork the orc points at you and mumbles some strange words.
The magic dart hits you.
You die...

#.##.##.......##
#.##.########..#
#..#.# ##.###
##.#.# #....
#.#.# #####
#...# ##...####
#..#......
#@....#..#
#o#...# .#
#$...## # #....#
#..(## #...#
#..## #..#


You could see Blork the orc.

Vanquished Creatures
  Sigmund (D:3)
  Natasha (D:3)
  6 gnolls (D:4)
  6 adders
  2 worms
  5 orcs
  7 ball pythons
  3 bats (D:1)
  6 endoplasms
  3 giant cockroaches
  5 goblins
  9 hobgoblins
  2 jackals (D:2)
  2 quokkas
  5 frilled lizards
  2 kobolds
  4 rats (D:1)
69 creatures vanquished.

Notes
Turn   | Place    | Note
-------+----------+-------------------------------------------
     0 | D:1      | qw the Gargoyle Hexslinger began the quest for the Orb.
     0 | D:1      | Reached XP level 1. HP: 12/12 MP: 2/2
     0 | D:1      | 0 ||| qw: Version: 0.3-a-46-gb1f654a
     0 | D:1      | 0 ||| qw: Game counter: 1914
     0 | D:1      | 0 ||| qw: Melee chars always use a shield: true
     0 | D:1      | 0 ||| qw: God list: Okawaru
     0 | D:1      | 0 ||| qw: Allow faded altars: false
     0 | D:1      | 0 ||| qw: Do Orc after clearing Dungeon:15 true
     0 | D:1      | 0 ||| qw: Do second Lair branch before Depths: true
     0 | D:1      | 0 ||| qw: Lair rune preference: random
     0 | D:1      | 0 ||| qw: Goals: Normal
     0 | D:1      | 0 ||| PLANNING D:1-11
    65 | D:1      | Reached XP level 2. HP: 16/16 MP: 3/3
   185 | D:1      | Reached skill level 3 in Ranged Weapons
   223 | D:1      | Found Otigaut's Assorted Antiques.
   235 | D:1      | 235 ||| SHOPLISTING dented steel amulet (160 gold, have
                  | 29).
   235 | D:1      | 235 ||| SHOPLISTING glowing orcbow (208 gold, have 29).
   235 | D:1      | 235 ||| SHOPLISTING helmet (144 gold, have 29).
   235 | D:1      | 235 ||| SHOPLISTING scroll labelled ROPAUM BIO (32 gold,
                  | have 29).
   352 | D:1      | Reached XP level 3. HP: 21/21 MP: 4/4
   503 | D:1      | Found a faded altar of an unknown god.
   585 | D:1      | 585 ||| READING 4 scrolls labelled ROPAUM BIO.
   586 | D:1      | 586 ||| DRINKING 2 lumpy purple potions.
   587 | D:1      | 587 ||| READING 3 scrolls of identify.
   587 | D:1      | 587 ||| IDENTIFYING puce potion
   588 | D:1      | 588 ||| READING 2 scrolls of identify.
   588 | D:1      | 588 ||| IDENTIFYING murky golden potion
   589 | D:1      | 589 ||| DROPPING scroll of poison.
   934 | D:2      | Reached XP level 4. HP: 22/26 MP: 5/5
  1223 | D:2      | 1223 ||| UPGRADING to amulet of faith.
  1228 | D:2      | 1228 ||| UPGRADING to +6 ring of dexterity.
  1229 | D:2      | 1229 ||| UPGRADING to ring of see invisible.
  1230 | D:2      | 1230 ||| READING 3 scrolls labelled HORIYGRISEF.
  1233 | D:2      | 1233 ||| READING scroll labelled EPONLODEEW.
  1234 | D:2      | 1234 ||| READING 2 scrolls labelled KAITREI OTOE.
  1335 | D:2      | 1335 ||| DROPPING scroll of silence.
  1357 | D:3      | Reached skill level 4 in Ranged Weapons
  1560 | D:3      | Noticed Sigmund
  1568 | D:3      | 1568 ||| DRINKING 3 potions of curing.
  1568 | D:3      | 1568 ||| (to cure confusion)
  1576 | D:3      | Killed Sigmund
  1577 | D:3      | Reached skill level 5 in Ranged Weapons
  1577 | D:3      | Reached XP level 5. HP: 30/30 MP: 6/6
  1577 | D:3      | Reached XP level 6. HP: 35/35 MP: 7/7
  1616 | D:3      | Noticed Natasha
  1627 | D:3      | Killed Natasha
  1817 | D:3      | 1817 ||| UPGRADING to +0 helmet.
  1822 | D:3      | 1822 ||| UPGRADING to +0 ring mail.
  1832 | D:3      | 1832 ||| DROPPING +0 robe.
  1833 | D:3      | 1833 ||| READING 3 scrolls of identify.
  1833 | D:3      | 1833 ||| IDENTIFYING glowing ruby potion
  1834 | D:3      | 1834 ||| READING 2 scrolls of identify.
  1834 | D:3      | 1834 ||| IDENTIFYING sedimented emerald potion
  1835 | D:3      | 1835 ||| DROPPING potion of brilliance.
  1927 | D:4      | 1927 ||| STAIRDANCE
  2035 | D:4      | 2035 ||| Stepping ~*~*~tactically~*~*~ (outnumbered).
  2040 | D:4      | Reached skill level 1 in Armour
  2130 | D:4      | Found a runed translucent door.
  2131 | D:4      | Noticed Crazy Yiuf
  2257 | D:4      | Reached skill level 3 in Fighting
  2275 | D:4      | Reached skill level 6 in Ranged Weapons
  2368 | D:4      | Found a transporter.
  2373 | D:4      | Noticed a kobold demonologist
  2387 | D:4      | Found a transporter.
  2632 | D:4      | Noticed Blork the orc
  2643 | D:4      | HP: 3/37 [Blork the orc/puff of flame (10)]
  2643 | D:4      | Killed from afar by Blork the orc

Levels and vault maps discovered:
D:1:      dpeg_arrival_rhombus, layout_basic, serial_shops, shop,
          hellmonk_ecumenical_altar_inner_sanctum
D:2:      layout_basic
D:3:      layout_basic, uniq_natasha, uniq_sigmund
D:4:      gammafunk_wand_slinger, layout_rooms, minmay_unequal,
          uniq_blork_the_orc, uniq_crazy_yiuf_cottage

Skill      XL: |  1  2  3  4  5  6 |
---------------+-------------------+-----
Ranged Weapons | 3 5 6 |  6.0
Fighting       | 2 3 |  3.5
Armour         | 1 |  1.0
Dodging        | |  1.5
Spellcasting   | |  1.0
Hexes          | |  2.6

Action                     |  1- 3 |  4- 6 || total
---------------------------+-------+-------++-------
   Fire: Sling             |    94 |   160 ||   254
    Use: Scroll            |     3 |     5 ||     8
         Potion            |     1 |     1 ||     2
 Armour: Robe              |    15 |     3 ||    18
         Ring mail         |       |    32 ||    32
  Dodge: Dodged            |    27 |    46 ||    73

Table legend:
 A = Non-vault XP
 B = Vault XP
 C = Vault XP percentage of total XP
 D = Non-vault monster count
 E = Vault monster count
 F = Vault count percentage of total count
                 A         B        C        D         E       F
            +---------+---------+-------+---------+---------+-------
      Total |     271 |     256 |  48.6 |      67 |       2 |   2.9
            +---------+---------+-------+---------+---------+-------
        D:1 |      37 |       0 |   0.0 |      23 |       0 |   0.0
        D:2 |      52 |       0 |   0.0 |      14 |       0 |   0.0
        D:3 |      42 |     256 |  85.9 |      14 |       2 |  12.5
        D:4 |     140 |       0 |   0.0 |      16 |       0 |   0.0
            +---------+---------+-------+---------+---------+-------
